 Dungeon Crawl Stone Soup version 0.28-a0-422-gd71735cc25 (webtiles) character file.

Game seed: 18341340372199385496

2 heikuro the Shield-Bearer (level 1, -2/18 HPs)
             Began as a Formicid Fighter on Sept 8, 2021.
             Slain by a gnoll (8 damage)
             ... on level 1 of the Dungeon.
             The game lasted 00:00:11 (60 turns).

heikuro the Shield-Bearer (Formicid Fighter)          Turns: 60, Time: 00:00:12

Health: -2/18      AC:  6    Str: 20    XL:     1   Next: 33%
Magic:  1/1        EV:  9    Int:  7    God:
Gold:   0          SH:  4    Dex: 10    Spells: 0/0 levels left

rFire   . . .      SeeInvis +   a - +0 long sword
rCold   . . .      Faith    .   c - +0 buckler
rNeg    . . .      Spirit   .   b - +0 scale mail
rPois   .          Reflect  .   (helmet unavailable)
rElec   .          Harm     .   (no cloak)
rCorr   .          Rampage  .   (no gloves)
Will    .....                   (no boots)
Stlth   ..........              (no amulet)
HPRegen 0.06/turn               (no ring)
MPRegen 0.07/turn               (no ring)

@: no status effects
A: permanent stasis, dig shafts and tunnels, antennae 3, four strong arms
a: Dig, Shaft Self


You were on level 1 of the Dungeon.
You visited 1 branch of the dungeon, and saw 1 of its levels.

Inventory:

Hand Weapons
 a - a +0 long sword (weapon)
Armour
 b - a +0 scale mail (worn)
 c - a +0 buckler (worn)
Potions
 d - a potion of might


   Skills:
 + Level 3.3 Fighting
 * Level 2.0 Long Blades
 + Level 3.3 Armour
 + Level 3.6 Shields


You couldn't memorise any spells.
You didn't know any spells.
Your spell library was empty.

Dungeon Overview and Level Annotations

Branches:
Dungeon (1/15)

Altars:


Innate Abilities, Weirdness & Mutations

You cannot be hasted, slowed, berserked, paralysed or teleported.
You can dig through walls and to a lower floor.
You have a pair of large antennae on your head. (SInv)
Your four strong arms can wield two-handed weapons with a shield.


Message History

You see here 20 sling bullets.
An endoplasm comes into view.
The endoplasm quivers.
You see here 25 stones.
A rat comes into view.
The endoplasm freezes you.
You are frozen.
You slash the endoplasm!
You kill the endoplasm!
A kobold comes into view. It is wielding a +0 short sword.
The kobold shouts!
A gnoll comes into view. It is wielding a +0 whip.
The gnoll shouts!
A hobgoblin comes into view.
The kobold throws a stone.
The stone hits you but does no damage.
You closely miss the rat.
The hobgoblin shouts!
The rat completely misses you.
A goblin comes into view. It is wielding a +0 club.
The goblin shouts!
You slash the rat!
You kill the rat!
A goblin comes into view. It is wielding a +0 dagger.
You barely miss the gnoll. The gnoll misses you.
You hit the gnoll.
The gnoll is lightly wounded.
The gnoll hits you with a +0 whip. The gnoll hits you but does no damage.
You hit the gnoll.
The gnoll is heavily wounded.
The gnoll hits you with a +0 whip.
You closely miss the gnoll.
The gnoll is heavily wounded.
The gnoll hits you with a +0 whip.
You hit the gnoll.
The gnoll is heavily wounded.
The gnoll closely misses you. x2
You closely miss the gnoll.
The gnoll is heavily wounded.
The gnoll hits you with a +0 whip!
You die...

#.................#
.#.####..###.......
.........# ......
.#.####.#######.
#.# #.......# #.#
#.#####.# . # #.#
#.##
....#.##g####..#
......ggKg@(.(.# {
....#..#######.# .
..g.. .# ....#.# .#
### #. .# #. .. #
.. ##


You could see a gnoll, a hobgoblin, 2 goblins and a kobold.

Vanquished Creatures
  An endoplasm (D:1)
  A rat (D:1)
2 creatures vanquished.

Notes
Turn   | Place    | Note
-------+----------+-------------------------------------------
     0 | D:1      | heikuro the Formicid Fighter began the quest for the Orb.
     0 | D:1      | Reached XP level 1. HP: 18/18 MP: 1/1
    60 | D:1      | Slain by a gnoll

Illustrated notes

Levels and vault maps discovered:
D:1:      pf_arrival_petrified_forest, layout_loops_ring, basic_ecumenical_altar

Action                   || total
-------------------------++-------
Melee: Long sword        ||     9
Armor: Scale mail        ||     2
Dodge: Dodged            ||     4

Table legend: (Time is in decaauts)
 A = Elapsed time spent in this place.
 B = Non-inter-level travel time spent in this place.
 C = Inter-level travel time spent in this place.
 D = Time resting spent in this place.
 E = Time spent auto-exploring this place.
 F = Levels seen in this place.
 G = Mean time per level.
                   A        B        C        D        E       F      G
               +--------+--------+--------+--------+--------+-----+--------+
         Total |     62 |     62 |      0 |      0 |     39 |   1 |   62.0 |
       Dungeon |     62 |     62 |      0 |      0 |     39 |   1 |   62.0 |
               +--------+--------+--------+--------+--------+-----+--------+

Top non-repeatable levels by time:
     D:1: 62 daAuts
